[Event "*** Titled Tuesday 3|2 Blitz"]
[Site "Chess.com"]
[Date "2016.07.05"]
[Round "7"]
[White "LaStreetCmaMaison"]
[Black "Gajuchess"]
[Result "1-0"]
[WhiteElo "2440"]
[BlackElo "2527"]
[TimeControl "180+2"]
[EndTime "12:29:32 PDT"]
[Termination "LaStreetCmaMaison won on time"]

1. Nf3 d5 2. g3 Nf6 3. Bg2 Bg4 4. O-O c6 5. d3 Nbd7 6. h3 Bxf3 7. Bxf3 e6 8. e4 Bd6 9. Bg2 Qc7 10. a4 h5 11.
f4 dxe4 12. dxe4 O-O-O 13. Qe2 h4 14. g4 g5 15. fxg5 Nh7 16. Be3 Ne5 17. Nc3 Rhg8 18. Bxa7 Nxg5 19. a5 Qe7 20. Kh1 Bc5 21. Bb6 Rd4 22. Na4 Bxb6 23. Nxb6+ Kc7 24. c3 Rd3 25. Nc4 Rxh3+ 26. Bxh3 Nxc4 27. Qxc4 Nxh3 28. a6 b5 29. Qb4 Qd7 30. a7 Qd3 31. Rxf7+ Kb6 32. Qd4+ Qxd4 33. cxd4 Ra8 34. e5 Ng5 35. Rd7 h3 36. Kh2 b4 37.
b3 Nf3+ 38. Kxh3 Nd2 39. Ra4 Ne4 40. Rxb4+ Ka6 41. Rc7 1-0

[Event "*** Titled Tuesday 3|2 Blitz"]
[Site "Chess.com"]
[Date "2016.07.05"]
[Round "7"]
[White "RobertRis"]
[Black "amaidel"]
[Result "1/2-1/2"]
[WhiteElo "2421"]
[BlackElo "2431"]
[TimeControl "180+2"]
[EndTime "12:29:32 PDT"]
[Termination "Game drawn by repetition"]

1. Nf3 g6 2. g3 Bg7 3. Bg2 f5 4. d4 Nf6 5. b3 O-O 6. Bb2 d6 7. Nbd2 Qe8 8. O-O Na6 9. e3 c6 10. Ne1 Nc7 11. Nd3 Ng4 12. a4 e5 13. dxe5 dxe5 14.
Nc4 e4 15. Bxg7 Kxg7 16. Nf4 Qe7 17. Qd4+ Nf6 18. Rfd1 Be6 19. Qe5 Kg8 20. Rd6 Rae8 21. Nxe6 Nxe6 22. Rad1 Ng4 23. Qa5 b6 24. Qc3 Rd8 25.
h3 Nh6 26. Rxd8 Rxd8 27. Rxd8+ Qxd8 28. Qe5 Ng5 29. Nd6 Nhf7 30. Nxf7 Nxf7 31. Qe6 Qd5 32. Qe7 Ne5 33. Qe8+ Kg7 34. Qe7+ Kg8 35. Bf1 Nf3+ 36. Kg2 Ne1+ 37. Kh1 b5 38. axb5 cxb5 39. Qe8+ Kg7 40.
Bxb5 Qd2 41. Qe7+ Kh6 42. Qh4+ Kg7 43. Qe7+ Kh6 44. Qh4+ Kg7 45. Qe7+ Kh6 46. Qh4+ 1/2-1/2

[Event "*** Titled Tuesday 3|2 Blitz"]
[Site "Chess.com"]
[Date "2016.07.05"]
[Round "7"]
[White "Matibar"]
[Black "fireheart92"]
[Result "0-1"]
[WhiteElo "2555"]
[BlackElo "2007"]
[TimeControl "180+2"]
[EndTime "12:29:34 PDT"]
[Termination "fireheart92 won by checkmate"]

1. e4 e5 2. f4 exf4 3. d4 d5 4. exd5 Nf6 5. c4 Bd6 6. c5 Be7 7. Nc3 Nxd5 8. Bc4 Be6 9. Qb3 Nxc3 10. bxc3 Bxc4 11. Qxc4 Bh4+ 12. Kf1 O-O 13. Nf3 Bf6 14. Bxf4 Nc6 15. Kf2 Ne7 16. Rhf1 Nd5 17. Bd2 b6 18. Rab1 bxc5 19. Qxc5 Qd7 20. c4 Nb6 21. d5 Rfe8 22.
Rfe1 h5 23. Rxe8+ Rxe8 24. Re1 Rb8 25. Bf4 Na4 26. Qxc7 Rb2+ 27. Re2 Rxe2+ 28. Kxe2 Qf5 29. Bd2 Qe4+ 30. Kf2 Nb2 31. d6 Bd4+ 32. Nxd4 Qxd4+ 33. Be3 Nd1+ 34. Ke2 Nc3+ 35. Kf2 Qd3 36. Bxa7 Ne4+ 37. Ke1 Qd2+ 38. Kf1 Qd1# 0-1

[Event "*** Titled Tuesday 3|2 Blitz"]
[Site "Chess.com"]
[Date "2016.07.05"]
[Round "7"]
[White "oskariot"]
[Black "Astaneh"]
[Result "1-0"]
[WhiteElo "2281"]
[BlackElo "2467"]
[TimeControl "180+2"]
[EndTime "12:29:35 PDT"]
[Termination "oskariot won by resignation"]

1. e4 c6 2. d4 d5 3. e5 Bf5 4. Nf3 e6 5. Be2 Nd7 6. O-O h6 7. Nbd2 Ne7 8. Nb3 Bh7 9. a4 Nc8 10. a5 a6 11. Be3 Be7 12. Ne1 O-O 13. f4 Qc7 14. Bd3 c5 15. Bxh7+ Kxh7 16. c3 f5 17. exf6 Rxf6 18. dxc5 Nxc5 19. Bd4 Nxb3 20. Qxb3 Rxf4 21.
Qc2+ Re4 22. Nd3 Rxd4 23. Nc5+ Re4 24. Nxe4 dxe4 25. Qxe4+ Kh8 26. Qxe6 Nd6 27. Rae1 Re8 28. Qd5 Bf6 29. Rxe8+ Nxe8 30. Re1 Nd6 31. Re6 Nc4 32. Re8+ Kh7 33. Qf5+ g6 34. Qxf6 Qc5+ 35. Kh1 1-0

[Event "*** Titled Tuesday 3|2 Blitz"]
[Site "Chess.com"]
[Date "2016.07.05"]
[Round "7"]
[White "jeaston1"]
[Black "akinov-akinseye"]
[Result "0-1"]
[WhiteElo "2143"]
[BlackElo "1854"]
[TimeControl "180+2"]
[EndTime "12:29:41 PDT"]
[Termination "akinov-akinseye won by resignation"]

1. d4 d5 2. c4 e5 3. dxe5 d4 4. Nf3 Nc6 5. a3 Nge7 6. h3 Be6 7. e3 dxe3 8. Qxd8+ Rxd8 9. Bxe3 Nf5 10. Nc3 Nxe3 11. fxe3 g6 12. Be2 Bg7 13. Rd1 Rxd1+ 14. Kxd1 Nxe5 15.
Nxe5 Bxe5 16. Kc2 O-O 17. Rd1 Re8 18. g4 f5 19. b3 Kf7 20. Bf3 c6 21. Rf1 Kg7 22.
Ne2 fxg4 23. hxg4 Rf8 24. Ng1 Bxg4 25. Be2 Rxf1 26. Bxf1 h5 27. Nh3 Bf5+ 28. Kd2 Kh6 29. Nf2 g5 30. Nd3 Bd6 31. b4 g4 32. Nf2 h4 33. e4 Be6 34. Ke3 Kg5 35. c5 Bc7 36. Nd3 Bh2 37. Nf2 Bg1 38. Ke2 Bc4+ 39. Ke1 Bxf2+ 40.
Kxf2 g3+ 41. Kg1 Bxf1 42. Kxf1 0-1

[Event "*** Titled Tuesday 3|2 Blitz"]
[Site "Chess.com"]
[Date "2016.07.05"]
[Round "7"]
[White "StoreySniper"]
[Black "SavelijTartakover"]
[Result "0-1"]
[WhiteElo "2338"]
[BlackElo "2500"]
[TimeControl "180+2"]
[EndTime "12:29:48 PDT"]
[Termination "SavelijTartakover won on time"]

1. e4 c5 2. Nf3 d6 3. d4 cxd4 4. Nxd4 Nf6 5. Nc3 Nc6 6. Bg5 e6 7. Bb5 Bd7 8. Qd2 Be7 9. Bxc6 bxc6 10. e5 dxe5 11. Nf3 Qc7 12. O-O-O e4 13. Bf4 Qb7 14. Ne5 Rd8 15. Qe3 c5 16. Nxd7 Rxd7 17. Rxd7 Qxd7 18.
Nxe4 Nd5 19. Qg3 Nxf4 20. Qxf4 O-O 21. Rd1 Qc6 22. Qf3 Rc8 23. Nd2 Bg5 24. Qxc6 Rxc6 25. g3 Kf8 26. f4 Be7 27. Nc4 Rc7 28. c3 h6 29. Kc2 g5 30. Rf1 Kg7 31. Ne5 f6 32. Nc4 Kg6 33. Re1 gxf4 34. gxf4 Kf5 35. Ne3+ Kxf4 36. Kd3 Rd7+ 37. Ke2 f5 38. Rf1+ Ke5 39.
Nc4+ Kf6 40. Ne3 Rb7 41. b3 Bd6 42. h3 Rg7 43. Nc4 Bc7 44. Ne3 Rg3 45. Ng4+ Kg5 46.
Nf2 Be5 47. Nd3 Bd6 48. Rf3 Rxf3 49. Kxf3 e5 50. Nb2 e4+ 51. Kg2 Be5 52. Na4 f4 53.
Nxc5 Kf5 0-1

[Event "*** Titled Tuesday 3|2 Blitz"]
[Site "Chess.com"]
[Date "2016.07.05"]
[Round "7"]
[White "underdogchss"]
[Black "twofoxniel"]
[Result "1-0"]
[WhiteElo "2353"]
[BlackElo "2490"]
[TimeControl "180+2"]
[EndTime "12:30:01 PDT"]
[Termination "underdogchss won by checkmate"]

1. d4 d5 2. Nf3 c6 3. c4 Nf6 4. e3 Bf5 5. Nc3 e6 6. Nh4 Bg6 7. Nxg6 hxg6 8. h3 Nbd7 9. a3 Bd6 10. cxd5 exd5 11. Bd3 O-O 12. O-O Re8 13. b4 a6 14. Qc2 Qe7 15. Rb1 Rac8 16. Na4 Ne4 17. Nc5 Ndf6 18. Bb2 Bb8 19. Rbe1 Qc7 20. f4 Re7 21. g4 Rce8 22. Nb3 g5 23. Bc1 Ng3 24.
fxg5 Nxf1 25. gxf6 Nxe3 26. Qf2 gxf6 27. Rxe3 Rxe3 28.
Bxe3 Rxe3 29. Qxe3 Qh2+ 30. Kf1 Bg3 31. Qf3 Qxh3+ 32. Ke2 Qh2+ 33. Kd1 Qg1+ 34. Kc2 Qh2+ 35. Qe2 Qg1 36. Nd2 Bf4 37. Nf3 Qc1+ 38. Kb3 a5 39. bxa5 c5 40. dxc5 d4 41. Nxd4 Bd2 42. Bc2 Bxa5 43.
Qe8+ Kg7 44. Nf5+ Kg6 45. Qg8# 1-0

[Event "*** Titled Tuesday 3|2 Blitz"]
[Site "Chess.com"]
[Date "2016.07.05"]
[Round "7"]
[White "platy3"]
[Black "Izoria123"]
[Result "1-0"]
[WhiteElo "2689"]
[BlackElo "2589"]
[TimeControl "180+2"]
[EndTime "12:30:11 PDT"]
[Termination "platy3 won on time"]

1. e4 d6 2. d4 Nf6 3. Nc3 g6 4. f3 Bg7 5. Be3 O-O 6. Qd2 e5 7. dxe5 dxe5 8. O-O-O Qe7 9. Qf2 b6 10. Bc4 Be6 11. Bxe6 Qxe6 12. g4 c6 13. h4 h5 14. Nh3 hxg4 15. Ng5 Qe7 16. h5 Nxh5 17. fxg4 Nf4 18. Qh2 Re8 19. Qh7+ Kf8 20. Nf3 Nd7 21. Bf2 Nf6 22. Qh4 Rad8 23. Rde1 Qe6 24. Rhg1 Rd7 25. Be3 Red8 26. Bxf4 exf4 27. e5 Nd5 28. Ng5 Qe7 29. e6 Nxc3 30. exd7 Qxd7 31. bxc3 Qd2+ 32.
Kb1 Bxc3 33. Qh7 Qd5 34. Qxf7+ Qxf7 35. Nxf7 Kxf7 36. Re4 g5 37. a4 Rd4 38. Rge1 Rd7 39.
Rf1 Kf6 40. Ka2 Rd4 41. Re8 1-0

[Event "*** Titled Tuesday 3|2 Blitz"]
[Site "Chess.com"]
[Date "2016.07.05"]
[Round "7"]
[White "ChessNinja48"]
[Black "saraswathii"]
[Result "1-0"]
[WhiteElo "2333"]
[BlackElo "2032"]
[TimeControl "180+2"]
[EndTime "12:30:24 PDT"]
[Termination "ChessNinja48 won by resignation"]

1. d4 Nf6 2. Nf3 d6 3. c4 g6 4. Nc3 Bg7 5. e4 O-O 6. Be2 e5 7. d5 a6 8. O-O b5 9. cxb5 axb5 10. Bxb5 Ba6 11. Bxa6 Nxa6 12. Be3 Ng4 13. Bg5 Qd7 14. a3 f5 15. b4 h6 16. Bd2 f4 17. Qa4 Qf7 18.
Qc6 g5 19. b5 Nc5 20. b6 cxb6 21. Qxd6 Rab8 22. Rab1 Qh5 23. Rxb6 Rxb6 24. Qxb6 Nd7 25. Qe6+ Rf7 26. Rb1 Kh8 27. Rb7 Ngf6 28. h3 Qg6 29. a4 h5 30. a5 g4 31. Ne1 f3 32.
a6 gxh3 33. Qxh3 Nc5 34. Rxf7 Qxf7 35. Nxf3 Nxa6 36. Nxe5 Qe8 37. Nc6 Nxe4 38. Nxe4 Qxe4 39. Qxh5+ Kg8 40. Be3 Nc7 41. Qg5 Kf7 42. d6 Qxc6 43.
Qe7+ Kg6 44. dxc7 Bf6 45. Qd8 Qb5 46. c8=Q Qb1+ 47. Kh2 Bxd8 48. Qxd8 1-0

[Event "*** Titled Tuesday 3|2 Blitz"]
[Site "Chess.com"]
[Date "2016.07.05"]
[Round "7"]
[White "GeorgMeier"]
[Black "Usurpov"]
[Result "0-1"]
[WhiteElo "2659"]
[BlackElo "2348"]
[TimeControl "180+2"]
[EndTime "12:30:24 PDT"]
[Termination "Usurpov won by resignation"]

1. Nf3 Nf6 2. d4 g6 3. Bg5 Bg7 4. Nbd2 d6 5. e4 O-O 6. c3 c5 7. dxc5 dxc5 8. Bc4 Nc6 9. h3 b6 10. O-O Qc7 11. Qe2 h6 12. Be3 Bb7 13. Bb3 Rfd8 14. Rfe1 Nh5 15. g3 Ne5 16. Nxe5 Qxe5 17. Rad1 e6 18.
Bc2 Qc7 19. a4 a6 20. Qf3 e5 21. g4 Nf4 22. g5 hxg5 23. Bxf4 gxf4 24. Bb3 b5 25.
Bd5 c4 26. axb5 axb5 27. Ra1 Rxa1 28. Rxa1 Bxd5 29. exd5 Qd7 30. Ne4 Qxd5 31. Qg2 f5 32. Ng5 Qxg2+ 33. Kxg2 Bf6 34. Ne6 Rd2 35. Ra6 Bh4 36.
Ra7 Rxf2+ 37. Kg1 Rf3 38. Rg7+ Kh8 39. Kh2 Bg3+ 40. Kg1 e4 41. Rxg6 e3 42. Nd4 Rf2 43.
Re6 Bh2+ 44. Kh1 Bg3 45. Kg1 Rxb2 46. h4 f3 47. Nxf3 e2 48. h5 e1=Q+ 49. Nxe1 Rb1 50.
Kg2 Bxe1 51. Kf3 Bxc3 52. Kf4 Rf1+ 53. Kg5 Bg7 54. h6 Rg1+ 55. Kxf5 Bf8 56. Rc6 Kh7 57. Ke4 Rg6 58. Rc7+ Kxh6 59. Kd4 Rg5 60. Rb7 Bg7+ 61.
Ke3 Kg6 0-1

[Event "*** Titled Tuesday 3|2 Blitz"]
[Site "Chess.com"]
[Date "2016.07.05"]
[Round "7"]
[White "Zhani-Z"]
[Black "VerdeNotte"]
[Result "0-1"]
[WhiteElo "2269"]
[BlackElo "2626"]
[TimeControl "180+2"]
[EndTime "12:30:25 PDT"]
[Termination "VerdeNotte won by resignation"]

1. e4 g6 2. d4 d6 3. Nc3 Bg7 4. Nf3 Nf6 5. Be2 O-O 6. O-O e6 7. a4 b6 8. Re1 Bb7 9. e5 dxe5 10. Nxe5 Nfd7 11. Bf3 Qc8 12. Bf4 Nxe5 13. Bxe5 Bxe5 14. dxe5 Nc6 15. Ne4 Rd8 16. Qc1 Nd4 17. Nf6+ Kg7 18.
Bxb7 Qxb7 19. Ng4 Nf5 20. Qg5 c5 21. Rad1 Qe7 22. Qf6+ Qxf6 23. exf6+ Kf8 24. Ne5 Ke8 25. g4 Nd4 26. c3 Ne2+ 27. Kf1 Nf4 28. g5 Nh3 29.
Nf3 Rxd1 30. Rxd1 Rd8 31. Rxd8+ Kxd8 32. Kg2 Nf4+ 33. Kg3 Nd3 34. b3 Kd7 35. Nd2 e5 36.
Kf3 Ke6 37. Ke3 Nf4 38. Ne4 Kf5 39. f3 Nd5+ 40. Kd3 Kf4 41. Ke2 a5 42. h4 Kf5 43.
Kd3 Nf4+ 44. Kc4 Ng2 45. Kb5 Nxh4 46. Kxb6 Nxf3 47. Nxc5 Nxg5 48. Kxa5 h5 49. Nd3 e4 50. Ne1 h4 51. Ng2 h3 52. Ne3+ Kf4 53. Nf1 e3 0-1

[Event "*** Titled Tuesday 3|2 Blitz"]
[Site "Chess.com"]
[Date "2016.07.05"]
[Round "7"]
[White "SmoothAsAHedgehog"]
[Black "AdamHunt1"]
[Result "0-1"]
[WhiteElo "2496"]
[BlackElo "2398"]
[TimeControl "180+2"]
[EndTime "12:30:37 PDT"]
[Termination "AdamHunt1 won by checkmate"]

1. Nf3 Nf6 2. c4 g6 3. g3 Bg7 4. Bg2 O-O 5. O-O d6 6. Nc3 e5 7. d3 Nc6 8. Rb1 Be6 9. b4 h6 10. b5 Ne7 11. a4 Qd7 12. Bb2 Bh3 13. a5 c6 14. a6 bxa6 15. bxc6 Nxc6 16. Nd5 Bxg2 17.
Kxg2 Nxd5 18. cxd5 Nb4 19. e4 Rab8 20. Bc3 a5 21.
Ra1 Qb5 22. Bxb4 axb4 23. Rxa7 Ra8 24. Rc7 Ra3 25. Rc4 f5 26. Qe2 fxe4 27. Qxe4 Kh7 28. Rb1 b3 29. Rb4 Qc5 30. R1xb3 Ra5 31. Rb7 Qxd5 32.
Rd7 Qxb3 33. Rxd6 Qf7 34. Qe3 Ra2 35. Rc6 Qf5 36. Rc7 Kh8 37. h4 Ra6 38. Nd2 Raf6 39. Ne4 Qf3+ 40. Kh3 Qxe3 41. fxe3 Rf3 42. h5 gxh5 43. Kh4 Rxe3 44. Kxh5 Rxd3 45. Kg6 Rg8 46. g4 Rd4 47. Nf2 Rf4 48. Nd3 Bf6+ 49. Kh5 Rg5+ 50.
Kxh6 Rfxg4 51. Rc8+ Rg8 52. Rc7 Rh4# 0-1

[Event "*** Titled Tuesday 3|2 Blitz"]
[Site "Chess.com"]
[Date "2016.07.05"]
[Round "7"]
[White "mwpchess"]
[Black "kpio91"]
[Result "1-0"]
[WhiteElo "2444"]
[BlackElo "2542"]
[TimeControl "180+2"]
[EndTime "12:31:00 PDT"]
[Termination "mwpchess won by resignation"]

1. e4 c5 2. Nf3 e6 3. d4 cxd4 4. Nxd4 Nc6 5. Nc3 Qc7 6. Be2 a6 7. O-O b5 8. Nxc6 dxc6 9. f4 Bb7 10. Be3 Be7 11. Bf3 c5 12. f5 exf5 13. exf5 Nf6 14. Bf4 Qxf4 15. Bc6+ Bxc6 16. Rxf4 O-O 17. Rf1 c4 18.
Kh1 Bc5 19. a3 Rad8 20. Qc1 Rfe8 21. Rd1 Ng4 22. Rxd8 Rxd8 23. h3 Ne3 24. Ne2 Nxg2 25. Kh2 Bd6+ 26. Kg1 Bc5+ 27. Kh2 f6 28. b4 Bd6+ 29. Kg1 Be5 30. c3 Nh4 31. Nd4 Bxd4+ 32. cxd4 Nxf5 33. Qf4 Nxd4 34. Qc7 Rd7 35. Qc8+ Kf7 36.
Kf2 Re7 37. Re1 Be4 38. Qd8 Ne6 39. Qd6 Bf5 40. h4 c3 41. Qd5 g6 42. h5 c2 43.
hxg6+ hxg6 44. Rh1 Kg7 45. Qa8 Nf8 46. Rh8 Kxh8 47. Qxf8+ Kh7 48. Qxe7+ Kh6 49. Qc5 g5 50. Ke1 g4 51. Kd2 Kg5 52. Qe3+ Kg6 53. Qf4 Be6 54. Kxc2 Bf5+ 55. Kc3 1-0

[Event "*** Titled Tuesday 3|2 Blitz"]
[Site "Chess.com"]
[Date "2016.07.05"]
[Round "7"]
[White "Sanan_Sjugirov"]
[Black "daro94"]
[Result "1-0"]
[WhiteElo "2674"]
[BlackElo "2634"]
[TimeControl "180+2"]
[EndTime "12:31:06 PDT"]
[Termination "Sanan_Sjugirov won by resignation"]

1. d4 Nf6 2. Nf3 g6 3. Bg5 Bg7 4. Nbd2 O-O 5. e3 d6 6. Bc4 Qe8 7. O-O h6 8. Bh4 Nc6 9. c3 e5 10. e4 Nh5 11. dxe5 dxe5 12. a4 Nf4 13. a5 a6 14. b4 Na7 15. Qb3 Nb5 16. Qc2 g5 17.
Bg3 Bg4 18. h3 Bh5 19. Rfe1 Rd8 20. Nh2 Qc6 21. Nhf1 Bg6 22. Ne3 Nd6 23. Bxf4 exf4 24. Nd5 Rfe8 25. Bd3 Nb5 26. Rac1 Qd7 27. Nb3 c6 28.
Nc5 Qc8 29. Nb6 Qc7 30. Bxb5 axb5 31. Rcd1 f3 32. g3 Qe5 33. Re3 Bf8 34. Nbd7 Qe7 35. Nxf8 Rxf8 36. Rxd8 Rxd8 37. Rxf3 g4 38. hxg4 Qg5 39.
Rd3 Re8 40. Qe2 h5 41. gxh5 Bxh5 42. Qe3 Qg6 43. Kg2 Bg4 44. Qf4 Be6 45. Rd1 Bc4 46. Rh1 Rd8 47. Qh4 f6 48. Qh8+ Kf7 49. Rh7+ 1-0

[Event "*** Titled Tuesday 3|2 Blitz"]
[Site "Chess.com"]
[Date "2016.07.05"]
[Round "7"]
[White "pedromartinez91"]
[Black "Ginger_GM"]
[Result "1/2-1/2"]
[WhiteElo "2302"]
[BlackElo "2492"]
[TimeControl "180+2"]
[EndTime "12:31:52 PDT"]
[Termination "Game drawn by repetition"]

1. e4 g5 2. d4 h6 3. Nc3 d6 4. Be3 Bg7 5. Qd2 Nd7 6. f4 gxf4 7. Bxf4 e5 8. dxe5 Nxe5 9. O-O-O Ne7 10. Nf3 N7g6 11.
Bg3 Be6 12. Kb1 h5 13. Bb5+ c6 14. Be2 h4 15. Bf2 Bf8 16. Be3 Be7 17. Rhf1 Qa5 18.
Nd4 O-O-O 19. Nxe6 fxe6 20. Nd5 Qxd2 21. Nxe7+ Nxe7 22. Rxd2 Rhg8 23. Bh5 Nc4 24. Re2 Nxe3 25. Rxe3 Rxg2 26. Rh3 Rh8 27. Bf7 Kd7 28. b3 d5 29.
Rf4 Rh7 30. Rhxh4 Rxh2 31. Rxh2 Rxh2 32. Rf6 e5 33. Be6+ Kc7 34. Bf5 dxe4 35. Bxe4 Re2 36.
Bd3 Re1+ 37. Kb2 e4 38. Re6 Nd5 39. Bxe4 Nf4 40. Re5 Kd6 41. Re8 Re2 42. Bg6 Rg2 43. Bf5 Nd5 44. Re6+ Kc5 45. a3 a5 46. Be4 Rg7 47. Bxd5 Kxd5 48. Re3 b5 49. Kc3 Rg4 50. Rh3 a4 51. Rh5+ Kd6 52. Rh6+ Kc5 53. b4+ Kd5 54. Rh5+ Kd6 55. Rh3 Rg6 56. Rd3+ Ke5 57. Re3+ Kd5 58. Rd3+ Ke4 59. Rd8 Rg3+ 60. Kb2 Rg6 61. Kc3 Ke5 62.
Rd3 Rg4 63. Re3+ Kd5 64. Kd3 Rc4 65. Rh3 Kd6 66. Re3 c5 67. bxc5+ Kxc5 68. c3 Kd6 69. Re4 Rxe4 70. Kxe4 Kc5 71. Kd3 Kd5 72. Kd2 Ke4 73. Ke2 Ke5 74. Ke3 Kd5 75. Kd3 Kc5 76. Kd2 Kd6 77. Ke2 Kd5 78. Kd3 Kc5 79. Kd2 Kc4 80. Kc2 Kd5 81. Kd3 Kc5 82. Kd2 1/2-1/2

[Event "*** Titled Tuesday 3|2 Blitz"]
[Site "Chess.com"]
[Date "2016.07.05"]
[Round "7"]
[White "LyonBeast"]
[Black "Cayse"]
[Result "1-0"]
[WhiteElo "2736"]
[BlackElo "2568"]
[TimeControl "180+2"]
[EndTime "12:32:12 PDT"]
[Termination "LyonBeast won by resignation"]

1. e4 e5 2. Nf3 Nc6 3. Bb5 a6 4. Ba4 Nf6 5. O-O Be7 6. Re1 b5 7. Bb3 O-O 8. c3 d5 9. exd5 Nxd5 10. a4 Bb7 11. d4 exd4 12. Nxd4 Nxd4 13. Qxd4 Bf6 14. Qd1 Qd6 15. axb5 axb5 16. Rxa8 Bxa8 17. Na3 b4 18. Nb5 Qc5 19. c4 Nb6 20. Be3 Qc6 21. Qf3 Bxb2 22. Qxc6 Bxc6 23. Nxc7 Bc3 24. Rb1 Nd7 25.
Nd5 Bxd5 26. cxd5 h6 27. Ba4 Rd8 28. Rd1 Ne5 29. Bb6 Ra8 30. Bb3 Nd7 31. Be3 Ra3 32. Rb1 Kf8 33. Kf1 Ke7 34. d6+ Kxd6 35. Bxf7 Ra1 36. Rxa1 Bxa1 37. Ke2 Ne5 38. Bb3 Bc3 39. h3 Nd7 40. Bc2 Nc5 41. g4 Kd5 42. h4 Bd4 43.
Bd2 b3 44. Bb1 b2 45. Ba2+ Kd6 46. f3 Na4 47. Kd3 Bf6 48. g5 hxg5 49. hxg5 Nc5+ 50.
Kc4 Be7 51. Bb4 Kc6 52. Bb1 Bd6 53. Bc3 Ne6 54. g6 Be7 55. Bxb2 Bf6 56. Ba3 Nd4 57. Be4+ Kd7 58. Kd5 Nb5 59. Bf5+ Ke8 60. Bc5 Nc3+ 61. Kc6 Be7 62. Bd4 Bf6 63. Bxf6 gxf6 64. Bd3 Kf8 65. Kc5 Nd1 66. Kd4 Nf2 67. Bc2 Nh3 68. Ke3 Ng5 69. Bf5 Ke7 70. f4 Ne6 71. Bxe6 Kxe6 72.
f5+ Ke7 73. Kd4 Ke8 74. Kd5 Ke7 75. Kc6 Kf8 76. Kd6 1-0

[Event "*** Titled Tuesday 3|2 Blitz"]
[Site "Chess.com"]
[Date "2016.07.05"]
[Round "7"]
[White "ftorodent"]
[Black "Alexander_Donchenko"]
[Result "0-1"]
[WhiteElo "2404"]
[BlackElo "2601"]
[TimeControl "180+2"]
[EndTime "12:32:14 PDT"]
[Termination "Alexander_Donchenko won by resignation"]

1. d4 Nf6 2. c4 e6 3. Nf3 Bb4+ 4. Bd2 a5 5. g3 b6 6. Bg2 Bb7 7. O-O O-O 8. Bf4 Be7 9. Qc2 Be4 10. Qc1 Bb7 11.
Qc2 Be4 12. Qc1 Nh5 13. Bd2 f5 14. Nc3 Bb7 15. d5 Na6 16. Rd1 Nc5 17. Qc2 Nf6 18.
Nd4 Qc8 19. b3 g6 20. Bf4 Nh5 21. Bh6 Re8 22. Ndb5 e5 23. d6 Bxg2 24. dxe7 Bc6 25. Nd5 Bxd5 26. cxd5 d6 27. Bf8 Nf6 28. a3 Nfd7 29. b4 axb4 30. axb4 Na6 31. Qc4 Nxf8 32. exf8=Q+ Rxf8 33. Ra4 Qb7 34. Rda1 Rfb8 35. Qc6 Qc8 36. Nc3 Ra7 37. Qc4 b5 38. Nxb5 Rab7 39. Nxd6 cxd6 40. Qxc8+ Rxc8 41. Rxa6 Rd8 42. Rb1 Rb5 43. Rc1 Rd7 44.
Rcc6 Rxd5 45. Rab6 Kf7 46. b5 Ke6 47. Kg2 Ra7 48.
Rb8 Rd2 49. b6 Re7 50. b7 Rb2 51. Rd8 Rexb7 52. Rdxd6+ Kf7 53. e3 Ra2 54. Rf6+ Kg7 55. Rfe6 e4 56. Rc1 Rbb2 57. Rf1 Re2 58. Kh3 Rxf2 59.
Rxf2 Rxf2 60. g4 Rf3+ 61. Kh4 Rxe3 62. gxf5 gxf5 63. Kg5 Rf3 64. Re7+ Kf8 65. Rxh7 e3 66.
Rh6 f4 67. Kg4 Rf2 68. Re6 e2 69. h4 f3 70. h5 Rf1 71. h6 e1=Q 0-1

[Event "*** Titled Tuesday 3|2 Blitz"]
[Site "Chess.com"]
[Date "2016.07.05"]
[Round "7"]
[White "FearlessKing64"]
[Black "WanderingPuppet"]
[Result "0-1"]
[WhiteElo "2115"]
[BlackElo "2287"]
[TimeControl "180+2"]
[EndTime "12:32:26 PDT"]
[Termination "WanderingPuppet won by resignation"]

1. e4 c5 2. Nf3 d6 3. d4 cxd4 4. Nxd4 Nf6 5. f3 e5 6. Bb5+ Nbd7 7. Nf5 Qb6 8. c4 g6 9. Ne3 a6 10. Ba4 Bh6 11. Qe2 O-O 12. Nc3 Qd8 13. O-O Nc5 14. Bc2 Ne6 15. Ned5 Bxc1 16. Raxc1 Nd4 17. Qd3 Nxd5 18. Nxd5 Be6 19. Ne3 b5 20. b3 Rc8 21.
cxb5 axb5 22. Bb1 Qb6 23. Kh1 b4 24. f4 Rxc1 25. Rxc1 exf4 26. Nc4 Bxc4 27. Rxc4 Ne6 28. Qd2 Rb8 29. h3 h5 30. Bd3 Nc5 31. Bc2 Ne6 32. Bd3 Qb7 33. Bc2 Qb6 34. Bd3 Kg7 35. Bc2 Kh6 36.
g3 Qe3 37. Qxe3 fxe3 38. Kg2 Nc5 39. Kf3 Ra8 40. Bb1 Rb8 41. Kxe3 Kg5 42. h4+ Kf6 43. Kf4 Ke6 44. Ke3 Ke5 45. Rd4 Ke6 46. Bd3 Ra8 47.
Bc4+ Ke7 48. Rd2 Nd7 49. Rf2 Ne5 50. Bd5 Rc8 51. Rd2 Rc3+ 52. Kf2 Ng4+ 53. Kg2 Ne3+ 54.
Kh2 Ng4+ 55. Kg2 Ne3+ 56. Kh3 Nf1 57. Rf2 Nxg3 58. Rxf7+ Kd8 59. Kg2 Ne2 60. Rb7 Nf4+ 61.
Kf2 Rh3 62. Rxb4 Rxh4 63. a4 Nxd5 64. Rb8+ Kc7 65. Rg8 Rxe4 66. Rxg6 Rb4 67. Rg5 Kc6 68. a5 Rxb3 69. a6 Ra3 70. Rxh5 Ra2+ 0-1

[Event "*** Titled Tuesday 3|2 Blitz"]
[Site "Chess.com"]
[Date "2016.07.05"]
[Round "7"]
[White "Keaton87"]
[Black "ilya261991"]
[Result "1/2-1/2"]
[WhiteElo "2497"]
[BlackElo "2452"]
[TimeControl "180+2"]
[EndTime "12:33:10 PDT"]
[Termination "Game drawn by repetition"]

1. d4 Nf6 2. Bg5 e6 3. Nd2 c5 4.
e3 Nc6 5. c3 b6 6. Bd3 Bb7 7.
Ngf3 Be7 8. O-O O-O 9. Rc1 h6 10. Bh4 d6 11. Re1 Nh5 12. Bxe7 Nxe7 13. Bb1 Nf6 14. e4 cxd4 15. cxd4 Ng6 16. Nf1 e5 17.
Ng3 Rc8 18. Rxc8 Bxc8 19. h3 Re8 20. Nf5 exd4 21. N3xd4 Bb7 22. f3 d5 23. Nb5 Re6 24.
Nxa7 Qb8 25. Nb5 dxe4 26. Qd4 exf3 27. Rxe6 fxe6 28. Nxh6+ Kh7 29. Nf7 Qg3 30. Qf2 Qxf2+ 31. Kxf2 fxg2 32. Nbd6 Bd5 33. Ne5 Ne4+ 34. Nxe4 Nxe5 35.
Kxg2 Nc4 36. Kf2 Nxb2 37. Nc3+ Kh6 38. Ke3 Nc4+ 39. Kd4 Nd2 40. Bd3 Nf3+ 41. Ke3 Ne5 42. Be2 Bc6 43. Kf4 Nd7 44. Bd3 g5+ 45. Kg3 Kg7 46. Be2 Kf6 47. Kg4 Ne5+ 48. Kh5 Bd5 49. h4 gxh4 50. Kxh4 Bc4 51. Bd1 Kf5 52. Kg3 Nd3 53.
Kf3 Ke5 54. Ke3 Nb4 55. a3 Nd5+ 56. Nxd5 exd5 57. Kd2 d4 58. Ba4 Kd6 59. Be8 Kc5 60.
Bd7 Bb5 61. Be6 Bc6 62. Bb3 Bd5 63. Ba4 Kc4 64. Kc2 Be4+ 65. Kd2 Bf5 66. Bd1 Bd7 67.
Bc2 Bb5 68. Bd1 Kc5 69. Bb3 Bc4 70. Ba4 b5 71. Bc2 Bd5 72. Bd3 Bc4 73. Bc2 Ba2 74. Bd3 Bb3 75. Be2 Ba4 76. Bd3 Kd5 77. Be2 Kc5 78. Bd3 Bb3 79. Be2 Bc4 80. Bd1 Kb6 81. Bc2 Bd5 82. Kd3 Kc5 83. Kd2 Bc4 84. Bd1 Ba2 85. Be2 Bb3 86. Bd3 Kb6 87. Bb1 Bc4 88.
Bc2 Kc5 89. Bd1 1/2-1/2

[Event "*** Titled Tuesday 3|2 Blitz"]
[Site "Chess.com"]
[Date "2016.07.05"]
[Round "7"]
[White "macko06"]
[Black "TomsKantans"]
[Result "1/2-1/2"]
[WhiteElo "2240"]
[BlackElo "2423"]
[TimeControl "180+2"]
[EndTime "12:33:13 PDT"]
[Termination "Game drawn by agreement"]

1. d4 Nf6 2. c4 g6 3. Nc3 d5 4.
Nf3 Bg7 5. Qb3 dxc4 6. Qxc4 O-O 7. e4 Na6 8. Be2 c5 9. dxc5 Be6 10. Qd4 Qa5 11.
O-O Rfd8 12. Qa4 Qxa4 13. Nxa4 Nxe4 14. Bxa6 bxa6 15. Be3 Bd5 16. Rad1 Bc6 17. b3 Rac8 18. Rxd8+ Rxd8 19. Rc1 f5 20. Ne1 e5 21. f3 Nf6 22.
Nc3 a5 23. Rd1 Rxd1 24. Nxd1 Nd5 25. Bd2 a4 26. b4 e4 27. fxe4 fxe4 28. Nc2 Kf7 29.
Nde3 Nc3 30. Nc4 Nxa2 31. b5 Bd5 32. Nd6+ Ke6 33. Nc8 Bb3 34. b6 axb6 35. cxb6 Kd7 36. b7 Kc7 37. Na3 Kxb7 38. Nd6+ Kc6 39. Nxe4 Bf8 40.
Nb1 Bc2 41. Nec3 Nb4 42. Na3 Nd3 43. Nxc2 a3 44. Na2 Kd5 45. Bc3 Kc4 46. Nxa3+ Bxa3 47.
Bd2 Kb3 48. Nc3 Kc2 49. Ne4 Ne5 50. Bf4 Nf7 51. Nf6 h5 52. Nd5 Kd3 53. g3 Ke4 54. Nc3+ Kf3 55. Nd5 g5 56. Bc7 Bc5+ 57. Kf1 Bd4 58. Nb4 Nh6 59. Nc2 Bc3 60. Bb6 Ng4 61. Bg1 Nf6 62. Nd4+ Bxd4 63. Bxd4 Ne4 64. Kg1 g4 65.
Be5 Ng5 66. Bb8 Nh3+ 67. Kh1 Kf2 68. Bc7 Kf1 69. Bb6 Ng5 70. Bc7 Ne4 71. Bb6 Ng5 72. Be3 Nf3 73. Ba7 h4 74. gxh4 Nxh4 75. Bb8 Nf3 76. Bg3 Ng5 77. Bf4 Nh3 78. Bg3 Ke2 79.
Kg2 Ke3 80. Bb8 Ke4 81. Kg3 Kf5 82. Ba7 Ng5 1/2-1/2